 Dungeon Crawl Stone Soup version 0.29-a0-233-g1125b37a9b (webtiles) character file.

Game seed: 8366921584720220617

219 PaleWalker the Gusty (level 5, 0/28 HPs)
             Began as a Deep Elf Air Elementalist on Mar 2, 2022.
             Was an Initiate of Ashenzari.
             Killed from afar by an orc wizard (4 damage)
             ... with a magic dart
             ... on level 4 of the Dungeon.
             The game lasted 00:15:19 (3708 turns).

PaleWalker the Gusty (Deep Elf Air Elementalist)    Turns: 3708, Time: 00:15:20

Health: 0/28       AC:  2    Str: 11    XL:     5   Next: 64%
Magic:  14/14      EV: 12    Int: 22    God:    Ashenzari [......]
Gold:   210        SH:  0    Dex: 15    Spells: 6/14 levels left

rFire   . . .      SeeInvis .   v - +0 rapier
rCold   . . .      Faith    .   k - orb {mayhem}
rNeg    . . .      Spirit   .   a - +0 robe
rPois   +          Reflect  .   (no helmet)
rElec   .          Harm     .   (no cloak)
rCorr   .          Rampage  .   (no gloves)
Will    .....                   (no boots)
Stlth   ++........              u - amulet of magic regeneration
HPRegen 0.09/turn               b - ring of poison resistance
MPRegen 0.54/turn               l - +6 ring of strength

@: no status effects
A: no striking features
a: Renounce Religion


You were on level 4 of the Dungeon.
You worshipped Ashenzari.
Ashenzari was noncommittal.
You visited 2 branches of the dungeon, and saw 5 of its levels.

You collected 210 gold pieces.

Inventory:

Hand Weapons
 v - a +0 rapier (weapon)
Armour
 a - a +0 robe (worn)
 k - an orb of mayhem (worn)
Jewellery
 b - a ring of poison resistance (left hand)
 l - a +6 ring of strength (right hand)
 u - an amulet of magic regeneration (around neck)
Wands
 p - a wand of polymorph (7)
Scrolls
 c - 2 scrolls of teleportation {unknown}
 d - 2 scrolls of amnesia {unknown}
 e - 2 scrolls of magic mapping {unknown}
 j - 7 scrolls of identify {unknown}
 n - a scroll of silence {unknown}
 r - a scroll of noise {unknown}
 s - a scroll of blinking {unknown}
Potions
 f - 3 potions of curing {unknown}
 g - 3 potions of heal wounds {unknown}
 h - a potion of berserk rage {unknown}
 i - a potion of invisibility {unknown}
 m - 4 potions of flight {unknown}
 o - 2 potions of brilliance {unknown}
 q - 2 potions of haste {unknown}
 t - a potion of lignification {unknown}
 w - 2 potions of might {unknown}


   Skills:
 - Level 2.4 Dodging
 - Level 2.4 Stealth
 + Level 5.1 Spellcasting
 - Level 1.1 Conjurations
 * Level 5.5 Air Magic


You had 6 spell levels left.
You knew the following spells:

 Your Spells              Type           Power      Damage    Failure   Level
a - Shock                 Conj/Air       80%        1d8       2%          1
b - Static Discharge      Conj/Air       20%        N/A       3%          2
c - Swiftness             Air            30%        N/A       3%          3
d - Poisonous Vapours     Pois/Air       34%        N/A       4%          2

Your spell library contained the following spells:

 Spells                   Type           Power      Damage    Failure   Level
 Corpse Rot               Necr/Air       34%        N/A       4%          2
 Airstrike                Air            15%        N/A       10%         4
 Ozocubu's Armour         Ice            5%         N/A       30%         3
 Ozocubu's Refrigeration  Ice            2%         4d5       100%        7


Dungeon Overview and Level Annotations

Branches:
Dungeon (4/15)             Temple (1/1) D:4

Altars:
Ashenzari
Elyvilon
Fedhas
Gozag
Hepliaklqana
Makhleb
Trog
Uskayaw
Vehumet
Yredelemnul

Annotations:
D:4 exclusion: ogre


Message History

Press: ? - help, Shift-Dir - straight line The zap hits the orc.
You kill the orc!
Casting: Shock (safe; 2% risk of failure)
Confirm with . or Enter, or press ? or * to list all spells.
You can't see any susceptible monsters within range! (Use Z to cast anyway.)
You barely miss something. Something hits you.
Something hits you but does no damage.
You barely miss something.
You hear some strange, mumbled words.
A puff of flame appears from out of thin air!
The puff of flame hits you! Something hits you but does no damage.
Something hits you.
You closely miss something. Something hits you but does no damage.
Something barely misses you.
Unknown command.
There is an open door here.
Something is blocking the doorway!
You hear some strange, mumbled words.
Something tries to affect you, but you resist.
Casting: Shock (safe; 2% risk of failure)
Confirm with . or Enter, or press ? or * to list all spells.
You can't see any susceptible monsters within range! (Use Z to cast anyway.)
You miss something.
Casting: Shock (safe; 2% risk of failure)
Confirm with . or Enter, or press ? or * to list all spells.
Aiming: Shock (safe; 2% risk of failure)
Press: ? - help, Shift-Dir - straight line The zap hits something!
Something hits you but does no damage. x2
Casting: Shock (safe; 2% risk of failure)
Confirm with . or Enter, or press ? or * to list all spells.
Aiming: Shock (safe; 2% risk of failure)
Press: ? - help, Shift-Dir - straight line Something hits you. x2
* * * LOW HITPOINT WARNING * * *
Something hits you.
* * * LOW HITPOINT WARNING * * *
A magic dart appears from out of thin air!
The magic dart hits you.
You die...

#....O...# #...#
#.....#+##
#...######.........
#....#...#.........
#....'...#.........
#...##...#........
##+###...#.....#
#....#..{#.....+
#....'@..'.....#
#...######.....#
#...#......##'##
#...#......#..)...#
#...'......#......#
#...#).....#....###
#...#......#....#
#...#......#.....
#...#..|..)#......


There were no monsters in sight!

Vanquished Creatures
  3 orc wizards
  3 adders
  2 worms
  3 dart slugs
  8 orcs
  12 ball pythons
  7 endoplasms
  4 giant cockroaches
  7 goblins
  5 hobgoblins
  4 jackals (D:1)
  3 quokkas
  10 bats
  5 frilled lizards
  8 kobolds
  4 rats
88 creatures vanquished.

Vanquished Creatures (collateral kills)
  2 orcs (D:4)
2 creatures vanquished.

Vanquished Creatures (others)
  An orc (D:4)
1 creature vanquished.

Grand Total: 91 creatures vanquished

Notes
Turn   | Place    | Note
-------+----------+-------------------------------------------
     0 | D:1      | PaleWalker the Deep Elf Air Elementalist began the quest
                  | for the Orb.
     0 | D:1      | Reached XP level 1. HP: 10/10 MP: 6/6
    81 | D:1      | Reached XP level 2. HP: 14/15 MP: 1/8
   785 | D:1      | Reached XP level 3. HP: 19/19 MP: 2/10
   919 | D:1      | Learned a level 2 spell: Static Discharge
  1013 | D:1      | Found a faded altar of an unknown god.
  1718 | D:2      | Reached XP level 4. HP: 24/24 MP: 7/12
  1722 | D:2      | Learned a level 3 spell: Swiftness
  2111 | D:3      | Found an opulent altar of Gozag.
  3020 | D:4      | Reached skill level 5 in Air Magic
  3020 | D:4      | Reached XP level 5. HP: 28/28 MP: 9/14
  3128 | D:4      | Learned a level 2 spell: Poisonous Vapours
  3144 | D:4      | Reached skill level 5 in Spellcasting
  3161 | D:4      | Found a staircase to the Ecumenical Temple.
  3170 | Temple   | Entered the Ecumenical Temple
  3301 | Temple   | Became a worshipper of Ashenzari the Shackled
  3676 | D:4      | Noticed an ogre
  3708 | D:4      | Killed from afar by an orc wizard

Illustrated notes

Levels and vault maps discovered:
D:1:      enne_arrival_octagon_isle, layout_basic,
          shapermc_ecumenical_altar_starsandcircs, minmay_tetromino_l4
D:2:      layout_basic, hangedman_decor_clover_reticule
D:3:      kennysheep_big_flooded_room, layout_basic, grunt_gozag_statues
D:4:      nicolae_cairo_tiling_very_big, layout_gridville,
          minmay_temple_entry_antechambers
Temple:   nicolae_temple_figure_zero

Skill      XL: |  1  2  3  4  5 |
---------------+----------------+-----
Air Magic      | 4 5 |  5.5
Spellcasting   | 4 5 |  5.1
Dodging        | |  2.4
Stealth        | |  2.4
Conjurations   | |  1.1

Action                   |  1- 3 |  4- 6 || total
-------------------------+-------+-------++-------
Melee: Unarmed           |    11 |       ||    11
       Rapier            |       |     7 ||     7
 Cast: Shock             |   107 |    71 ||   178
       Static Discharge  |     1 |       ||     1
       Swiftness         |       |     1 ||     1
       Poisonous Vapours |       |     1 ||     1
Armor: Robe              |    14 |     7 ||    21
Dodge: Dodged            |    26 |    15 ||    41

Table legend: (Time is in decaauts)
 A = Elapsed time spent in this place.
 B = Non-inter-level travel time spent in this place.
 C = Inter-level travel time spent in this place.
 D = Time resting spent in this place.
 E = Time spent auto-exploring this place.
 F = Levels seen in this place.
 G = Mean time per level.
                   A        B        C        D        E       F      G
               +--------+--------+--------+--------+--------+-----+--------+
         Total |   3708 |   3629 |     79 |    175 |   2916 |   5 |  741.6 |
       Dungeon |   3565 |   3496 |     69 |    175 |   2804 |   4 |  891.2 |
        Temple |    142 |    132 |     10 |      0 |    112 |   1 |  142.0 |
               +--------+--------+--------+--------+--------+-----+--------+

Top non-repeatable levels by time:
     D:1: 1199 daAuts
     D:2: 904 daAuts
     D:3: 755 daAuts
     D:4: 705 daAuts
  Temple: 142 daAuts
